 Dungeon Crawl Stone Soup version 0.22.1-1-ga44c0e56f4 (webtiles) character file.

121 Riddle the Skirmisher (level 5, -17/42 HPs)
             Began as a Formicid Chaos Knight on Sept 25, 2018.
             Demolished by Crazy Yiuf
             ... wielding a +3 quarterstaff of chaos
              (22 damage)
             ... on level 2 of the Dungeon.
             The game lasted 00:04:39 (2181 turns).

Riddle the Skirmisher (Formicid Chaos Knight)       Turns: 2181, Time: 00:04:40

Health: -17/42     AC:  6    Str: 18    XL:     5   Next: 26%
Magic:  5/5        EV: 11    Int: 11    God:    Xom [.*....]
Gold:   73         SH:  0    Dex: 10    Spells: 4/4 levels left

rFire    . . .     SeeInvis +   a - +0 mace (chaos)
rCold    . . .     Gourm    .   (no shield)
rNeg     . . .     Faith    .   b - +2 leather armour
rPois    .         Spirit   .   (helmet unavailable)
rElec    .         Reflect  .   (no cloak)
rCorr    .         Harm     .   p - +0 pair of gloves
MR       +....                  (no boots)
Stlth    ++........             (no amulet)
HPRegen  0.14/turn              i - ring of protection from magic
MPRegen  0.09/turn              (no ring)

@: lethally poisoned (-17 -> -30)
A: permanent stasis, dig shafts and tunnels, four strong arms, antennae 3
a: Dig, Shaft Self, Renounce Religion


You were on level 2 of the Dungeon.
You worshipped Xom.
You were a plaything of Xom.
You were hungry.

You visited 1 branch of the dungeon, and saw 3 of its levels.

You collected 73 gold pieces.

Inventory:

Hand Weapons
 a - a +0 mace of chaos (weapon)
Armour
 b - a +2 leather armour (worn)
 p - a +0 pair of gloves (worn)
Jewellery
 i - a ring of protection from magic (left hand)
Scrolls
 f - 2 scrolls of amnesia
 h - a scroll of teleportation {unknown}
 k - 2 scrolls of identify
 n - a scroll of remove curse {unknown}
 o - a scroll of fear {unknown}
Potions
 g - a potion of mutation {unknown}
 j - a potion of berserk rage {unknown}
 l - a potion of haste {unknown}
 m - a potion of curing {unknown}
Comestibles
 c - 3 rations


   Skills:
 + Level 4.2 Fighting
 + Level 3.8 Maces & Flails
 + Level 3.2 Armour
 - Level 0.8 Dodging
 + Level 2.6 Stealth


You had 4 spell levels left.
You didn't know any spells.
Your spell library was empty.

Dungeon Overview and Level Annotations

Branches:
Dungeon (3/15)

Altars:
Zin

Annotations:
D:2 Crazy Yiuf


Innate Abilities, Weirdness & Mutations

You cannot be hasted, slowed, berserked, paralysed or teleported.
You can dig through walls and to a lower floor.
Your four strong arms can wield two-handed weapons with a shield.
You have a pair of large antennae on your head. (SInv)


Message History

* * * LOW HITPOINT WARNING * * *
Okay, then.
It was a potion of brilliance.
You feel clever all of a sudden.
Xom thinks this is hilarious!
* * * LOW HITPOINT WARNING * * *
You feel sick. Xom notices you.
You smell something strange.
Crazy Yiuf barely misses you.
It was a potion of cancellation.
Your magical effects are unravelling.
You feel magically purged.
Xom thinks this is hilarious!
You feel a little less clever now.
* * * LOW HITPOINT WARNING * * *
You feel sick.
Crazy Yiuf hits you with a quarterstaff of chaos!!
Ouch! That really hurt!
You die...
Xom laughs nastily!

#.# ♣...♣♣ ######.#
♣♣.♣♣ #......# ♣.♣♣
##.####.# ♣♣.♣
##.......## ♣.♣♣
#..#####..## ♣♣.♣
#.##._.##..# ##'##
#..##'##...# #...#
#..........# #.@.#
#.8.....8.## #.g)#
....8.8..## #####
##...)..####
##.##..##..##########
...##..##.#.....#.#.#
...##.............#.#
#..##...#.#.#.#.###.#
..###...........# #.#


You could see Crazy Yiuf (berserk).

Vanquished Creatures
  Natasha (thrice) (D:2)
  A shadow imp (D:2)
  A worm (D:2)
  A dart slug (D:2)
  A ball python (D:1)
  6 bats
  3 giant cockroaches
  5 goblins
  3 hobgoblins (D:2)
  5 kobolds
  A quokka (D:2)
  A frilled lizard (D:2)
  5 rats
36 creatures vanquished.

Notes
Turn   | Place    | Note
-------+----------+-------------------------------------------
     0 | D:1      | Riddle the Formicid Chaos Knight began the quest for the
                  | Orb.
     0 | D:1      | Reached XP level 1. HP: 18/18 MP: 1/1
   245 | D:1      | XOM: silly message
   265 | D:1      | Reached XP level 2. HP: 24/24 MP: 2/2
   296 | D:1      | Reached skill level 1 in Stealth
   502 | D:1      | XOM: harmless Tloc miscast
   781 | D:2      | Noticed Natasha
   793 | D:2      | Noticed a crimson imp
   795 | D:2      | Killed Natasha
   795 | D:2      | Reached XP level 3. HP: 11/30 MP: 3/3
  1025 | D:2      | Reached XP level 4. HP: 30/37 MP: 4/4
  1107 | D:2      | Noticed Natasha
  1111 | D:2      | Killed Natasha
  1111 | D:2      | Reached skill level 4 in Fighting
  1247 | D:2      | Found a glowing silver altar of Zin.
  1390 | D:2      | XOM: cloud trail
  1441 | D:2      | Noticed Natasha
  1447 | D:2      | XOM: summons 2 hostile shadow creatures
  1450 | D:2      | XOM: silly message
  1468 | D:2      | Killed Natasha
  1468 | D:2      | Reached XP level 5. HP: 21/42 MP: 5/5
  1612 | D:2      | XOM: summons 2 hostile demons
  2006 | D:2      | Found a runed door.
  2174 | D:2      | Noticed Crazy Yiuf
  2180 | D:2      | XOM: harmless Tmut miscast
  2181 | D:2      | Demolished by Crazy Yiuf

Skill      XL: |  1  2  3  4 |
---------------+-------------+-----
Stealth        | 1 2 |  2.6
Fighting       | 4 |  4.2
Armour         | 3 |  3.2
Maces & Flails | |  3.8
Dodging        | |  0.8

Action                   |  1- 3 |  4- 6 || total
-------------------------+-------+-------++-------
Melee: Mace              |    48 |    58 ||   106
  Use: Scroll            |       |     2 ||     2
       Potion            |       |     2 ||     2
 Stab: Sleeping          |       |     3 ||     3
  Eat: Chunk             |       |     3 ||     3
Armor: Leather armour    |    16 |    27 ||    43
Dodge: Dodged            |    26 |    45 ||    71
